 Dungeon Crawl Stone Soup version 0.32-a0-290-g598725c5f2 (webtiles) character file.

Game seed: 9985765157254956722

688 holysushi the Firebug (level 7, -6/50 HPs)
             Began as a Mountain Dwarf Fire Elementalist on Feb 13, 2024.
             Was a Priest of Sif Muna.
             Mangled by a gnoll
             ... wielding a +0 flail
              (7 damage)
             ... on level 4 of the Dungeon.
             The game lasted 00:09:39 (4795 turns).

holysushi the Firebug (MDFE)                        Turns: 4795, Time: 00:09:39

Health: -6/50      AC:  8    Str: 17    XL:     7   Next: 36%
Magic:  7/11       EV: 11    Int: 17    God:    Sif Muna [***...]
Gold:   242        SH:  0    Dex: 10    Spells: 3/12 levels left

rFire   . . .        d - +0 halberd
rCold   . . .        (shield currently unavailable)
rNeg    . . .        s - +0 ring mail
rPois   .            c - +0 helmet
rElec   .            e - +0 cloak
rCorr   .            (no gloves)
SInv    .            n - +0 pair of boots
Will    .....        r - amulet of magic regeneration
Stlth   ++           h - +6 ring of strength
HPRegen 0.28/turn    (no ring)
MPRegen 0.52/turn

%: no passive effects
@: no status effects
A: runic magic, artefact enchanting
a: Renounce Religion, Channel Magic, Forget Spell


You were on level 4 of the Dungeon.
You worshipped Sif Muna.
Sif Muna was most pleased with you.
You visited 1 branch of the dungeon, and saw 5 of its levels.

You collected 242 gold pieces.

Inventory:

Hand Weapons
 d - a +0 halberd (weapon)
 t - a +0 dagger of draining
Missiles
 l - a throwing net
Armour
 a - a +0 robe
 c - a +0 helmet (worn)
 e - a +0 cloak (worn)
 f - a +0 leather armour
 n - a +0 pair of boots (worn)
 s - a +0 ring mail (worn)
Jewellery
 h - a +6 ring of strength (left hand)
 o - an amulet of guardian spirit
 r - an amulet of magic regeneration (around neck)
Wands
 p - a wand of flame (11)
Scrolls
 i - a scroll of immolation
 k - 4 scrolls of identify
 m - 3 scrolls of teleportation
 v - a scroll of noise {unknown}
 x - a scroll of silence {unknown}
Potions
 b - a potion of magic
 g - 2 potions of attraction
 j - 2 potions of mutation
 q - a potion of lignification
 w - a potion of haste {unknown}
 z - a potion of curing


   Skills:
 + Level 3.4 Dodging
 + Level 3.7 Stealth
 + Level 3.2 Spellcasting
 - Level 0.8 Conjurations
 + Level 6.2 Fire Magic


You had 3 spell levels left.
You knew the following spells:

 Your Spells              Type           Power      Damage    Failure   Level
a - Foxfire               Conj/Fire      56%        2x1d6     4%          1
b - Scorch                Fire           46%        2d6       2%          2
c - Inner Flame           Hex/Fire       13%        N/A       17%         3
d - Volatile Blastmotes   Fire/Tloc      26%        2d12      17%         3

Your spell library contained the following spells:

 Spells                   Type           Power      Damage    Failure   Level
 Sting                    Conj/Alch      16%        1d4       17%         1
 Apportation              Tloc           4%         N/A       21%         1
 Necrotise                Necr           8%         1d4       21%         1
 Summon Small Mammal      Summ           8%         N/A       21%         1
 Flame Wave               Conj/Fire      14%        2d6       41%         4


Dungeon Overview and Level Annotations

Branches:
Dungeon (5/15) Zot: 25148
 Temple: D:4-7

Altars:
Ru
Sif Muna


Innate Abilities, Weirdness & Mutations

Your spellcasting is much less encumbered by armour.
You can use scrolls of enchantment on lesser artefacts.


Message History

You conjure some foxfire!
The foxfire hits the ice beast.
The ice beast melts!
The ice beast is severely wounded.
The foxfire hits the gnoll.
The gnoll is moderately wounded.
The gnoll hits you from afar with a +0 spear.
The ice beast hits you but does no damage.
Casting: Foxfire (safe; 4% risk of failure)
Confirm with . or Enter, or press ? or * to list all spells.
You conjure some foxfire!
The foxfire hits the gnoll but does no damage.
The gnoll is moderately wounded.
The gnoll hits you from afar with a +0 spear.
The ice beast closely misses you.
Casting: Foxfire (safe; 4% risk of failure)
Confirm with . or Enter, or press ? or * to list all spells.
You conjure some foxfire!
The foxfire hits the ice beast.
The ice beast melts!
The ice beast is severely wounded.
The gnoll hits you from afar with a +0 spear.
The gnoll closely misses you. The ice beast hits you.
The ice beast freezes you!
Casting: Foxfire (safe; 4% risk of failure)
Confirm with . or Enter, or press ? or * to list all spells.
You conjure some foxfire!
The foxfire hits the gnoll.
The gnoll is severely wounded.
The gnoll hits you with a +0 flail. The gnoll closely misses you.
The ice beast barely misses you.
The foxfire hits the gnoll.
The gnoll is almost dead.
The gnoll hits you from afar with a +0 spear.
* * * LOW HITPOINT WARNING * * *
The gnoll closely misses you. The ice beast hits you.
* * * LOW HITPOINT WARNING * * *
The ice beast freezes you!
* * * LOW HITPOINT WARNING * * *
You climb upwards.
There is a stone staircase leading down here.
As you read the scroll labelled TIFIOTWELIRE, it crumbles to dust.
You feel a surge of unholy energy.
The ice beast convulses!
It was a scroll of torment.
The gnoll hits you with a +0 flail!
You die...

########### #.........#
#.#######.# #.# #.# ### #.#
#.############.#
#.#######.#............#
#.....#......#########.#
#.....#g#.#............#
#.....#@#.#...###..>...#
#[......Y.#...###.####.#
#..#...[.÷÷..........#.#
#..##.#.##..######...#.#
#.....<................#
###########)####.###.######...#..
...)....................# ###.###
#.#########÷####.#...##.# #.###
#.# #)#..<.....##.# #.÷..


You could see an ice beast and a gnoll.

Vanquished Creatures
  An ogre (D:5)
  A phantom (D:4)
  2 hounds (D:4)
  An orc priest (D:5)
  4 iguanas
  4 orc wizards
  Natasha (D:3)
  3 adders
  A ribbon worm (D:2)
  12 orcs
  6 ball pythons
  11 endoplasms
  13 giant cockroaches
  3 goblins
  10 hobgoblins
  9 jackals
  13 kobolds
  2 bats
  3 frilled lizards
  7 rats
107 creatures vanquished.

Vanquished Creatures (others)
  267 foxfires
267 creatures vanquished.

Grand Total: 374 creatures vanquished

Notes
Turn   | Place    | Note
-------+----------+-------------------------------------------
     0 | D:1      | holysushi the Mountain Dwarf Fire Elementalist began the
                  | quest for the Orb.
     0 | D:1      | Reached XP level 1. HP: 14/14 MP: 3/3
   340 | D:1      | Reached XP level 2. HP: 20/20 MP: 4/4
   398 | D:1      | Found a faded altar of an unknown god.
   505 | D:1      | Prayed at the altar of an unknown god.
   505 | D:1      | Became a worshipper of Sif Muna the Loreminder
   505 | D:1      | Reached * piety under Sif Muna
   538 | D:1      | Reached skill level 4 in Fire Magic
   709 | D:1      | Reached XP level 3. HP: 26/26 MP: 5/5
  1401 | D:2      | Reached XP level 4. HP: 17/33 MP: 2/6
  1646 | D:2      | Found a sacrificial altar of Ru.
  1700 | D:2      | Reached ** piety under Sif Muna
  2399 | D:2      | Learned a level 2 spell: Scorch
  2435 | D:3      | Noticed Natasha
  2443 | D:3      | Killed Natasha
  2652 | D:3      | Reached XP level 5. HP: 38/38 MP: 4/7
  2911 | D:3      | You fall into a shaft and drop 1 floor!
  2955 | D:4      | Reached skill level 5 in Fire Magic
  3100 | D:4      | Reached XP level 6. HP: 45/45 MP: 5/9
  3347 | D:3      | Reached *** piety under Sif Muna
  3869 | D:3      | Learned a level 3 spell: Inner Flame
  3873 | D:3      | Learned a level 3 spell: Volatile Blastmotes
  4580 | D:5      | Entered Level 5 of the Dungeon
  4629 | D:5      | Reached XP level 7. HP: 50/50 MP: 6/11
  4632 | D:5      | Reached skill level 6 in Fire Magic
  4793 | D:5      | HP: 1/50 [ice beast (11)]
  4795 | D:4      | Mangled by a gnoll

Illustrated notes

Levels and vault maps discovered:
D:1:      dpeg_arrival_circle_labyrinth_a, layout_basic,
          hellmonk_ecumenical_altar_blasted
D:2:      layout_loops_cross, basic_altar, corexii_shack,
          lexackson_kobold_supper
D:3:      minmay_roachtagon, layout_basic, hex_intersection,
          supply_closet_lemuel, uniq_natasha
D:4:      layout_basic
D:5:      layout_rooms, nemelex_spade_bored_becter, guppyfry_early_orc_mine

Skill      XL: |  1  2  3  4  5  6  7 |
---------------+----------------------+-----
Fire Magic     | 4 5 6 |  6.2
Stealth        | 2 3 |  3.7
Dodging        | 2 3 |  3.4
Spellcasting   | 2 3 |  3.2
Conjurations   | |  0.8

Action                     |  1- 3 |  4- 6 |  7- 9 || total
---------------------------+-------+-------+-------++-------
  Melee: Halberd           |    67 |    47 |       ||   114
   Cast: Foxfire           |    32 |   165 |    38 ||   235
         Scorch            |       |     6 |     1 ||     7
         Volatile Blastmot |       |     3 |       ||     3
    Use: Potion            |       |     2 |       ||     2
         Scroll            |       |     5 |     1 ||     6
   Stab: Sleeping          |     5 |     2 |       ||     7
 Armour: Robe              |    38 |    24 |       ||    62
         Leather armour    |       |    30 |       ||    30
         Ring mail         |       |    17 |    15 ||    32
  Dodge: Dodged            |    60 |    67 |     9 ||   136

Table legend: (Time is in decaauts)
 A = Elapsed time spent in this place.
 B = Non-inter-level travel time spent in this place.
 C = Inter-level travel time spent in this place.
 D = Time resting spent in this place.
 E = Time spent auto-exploring this place.
 F = Levels seen in this place.
 G = Mean time per level.
                   A        B        C        D        E       F      G
               +--------+--------+--------+--------+--------+-----+--------+
         Total |   4850 |   4622 |    228 |    411 |   2973 |   5 |  970.0 |
       Dungeon |   4850 |   4622 |    228 |    411 |   2973 |   5 |  970.0 |
               +--------+--------+--------+--------+--------+-----+--------+

Top non-repeatable levels by time:
     D:2: 1527 daAuts
     D:3: 1379 daAuts
     D:1: 936 daAuts
     D:4: 832 daAuts
     D:5: 175 daAuts
